Map: Kairos Junction LE

Players

Bunny - Winner!

  • Race: Terran Terran
  • League: Bronze
  • Spawn Location: 11:00

herO

  • Race: Protoss Protoss
  • League: Grandmaster
  • Spawn Location: 5:00

Event: IEM Season 13 - Katowice Server Qualifiers Europe

VOD

Have the link to the VOD?

Description

Time

  • Played on: Jan. 8, 2019, 10:52 a.m.
  • Length: 9:38

All games in this series

Show
View Real Time Build Order
Export as new Build Order

Bunny Terran - Winner!

Build Orders: Reaper Expand 

Get SALT Encoding   

  12  0:00  SCV  
  13  0:12  SCV  
  14  0:16  Supply Depot  
  14  0:24  SCV  
  15  0:38  SCV  
  15  0:40  Barracks  
  16  0:43  Refinery  
  16  0:50  SCV  
  17  1:02  SCV  
  18  1:14  SCV  
  19  1:27  Orbital Command  
  19  1:28  Reaper  
  20  1:41  Command Center  
  20  1:53  SCV  
  21  1:56  Supply Depot  
  21  2:00  Marine  
  22  2:05  SCV  
  23  2:09  Factory  
  23  2:17  Refinery  
  23  2:18  SCV  
  23  2:21  Barracks Reactor  
  24  2:30  SCV  
  25  2:42  SCV  
  26  2:52  Factory Tech Lab  
  26  2:54  SCV, Orbital Command  
  26  2:55  Starport  
  26  2:57  Marine x2  
  29  2:59  Orbital Command  
  29  3:06  SCV  
  30  3:14  Cyclone  
  30  3:15  Marine x2  
  30  3:18  SCV  
  36  3:23  Supply Depot  
  36  3:24  SCV  
  37  3:30  SCV  
  37  3:33  Marine x2  
  40  3:38  SCV  
  41  3:42  SCV  
  41  3:47  Barracks  
  42  3:53  Widow Mine, Bunker  
  42  3:55  Raven, SCV  
  47  3:56  SCV  
  47  3:57  Marine x2  
  50  4:04  Supply Depot  
  50  4:08  SCV x2  
  52  4:13  Refinery  
  52  4:15  Marine x2  
  54  4:18  Factory Tech Lab  
  54  4:24  Supply Depot  
  54  4:25  SCV x2  
  55  4:33  Marine x2  
  55  4:34  Supply Depot  
  55  4:35  Barracks Tech Lab  
  58  4:38  SCV x2  
  58  4:41  Barracks, Siege Tank  
  62  4:46  Starport Reactor  
  62  4:50  SCV, Supply Depot, Engineering Bay  
  62  4:52  SCV  
  64  4:55  Marine x2  
  64  4:58  Marine, Stimpack  
  67  5:03  SCV  
  67  5:04  SCV  
  69  5:09  Refinery  
  69  5:13  Marine x2  
  71  5:16  Marine  
  71  5:18  Siege Tank  
  75  5:21  Terran Infantry Weapons Level 1  
  75  5:25  Barracks  
  75  5:26  Barracks  
  75  5:31  Medivac  
  75  5:32  Marine, Supply Depot  
  78  5:39  SCV x2  
  78  5:40  Marine x2  
  78  5:42  Medivac  
  84  5:44  Marine  
  85  5:50  Marine  
  85  5:52  Supply Depot  
  85  5:54  Supply Depot  
  85  5:56  Siege Tank  
  89  5:59  Marine x2  
  89  6:02  Marine, Combat Shield  
  91  6:08  Marine  
  92  6:13  Supply Depot  
  92  6:17  Marine x2  
  90  6:19  Marine x3  
  90  6:20  Medivac  
  90  6:22  Medivac  
  97  6:26  Marine  
  97  6:31  Siege Tank  
  101  6:39  Marine x5  
  105  6:44  Supply Depot  
  105  6:49  Missile Turret  
  101  6:59  Marine  
  101  7:00  Marine x5  
  107  7:02  Medivac  
  107  7:03  Siege Tank  
  107  7:04  Medivac  
  105  7:15  Liberator  
  105  7:17  Marine x5  
  105  7:24  Liberator  
  105  7:27  Marauder  
  106  7:35  Marine x4  
  106  7:36  Marauder  
  117  7:45  SCV x2  
  117  7:48  Marine, Supply Depot  
  119  7:52  Siege Tank  
  119  7:53  Marine x3  
  119  7:58  Marine, Marauder  
  123  8:06  Marine  
  123  8:11  Marine x3  
  126  8:16  Marine  
  126  8:19  Marine  
  127  8:24  Marauder  
  116  8:28  Marine  
  116  8:29  Marine x2  
  116  8:31  Siege Tank  
  114  8:34  Marine  
  114  8:37  Marauder, Viking x2  
  121  8:46  Marine, Marauder  
  124  8:55  Marine x2  
  123  8:57  Marine  
  123  8:58  Marauder  
  125  9:03  Siege Tank  
  125  9:04  Marine  
  124  9:20  Marine x5  
Show
View Real Time Build Order
Export as new Build Order

herO Protoss 

Build Orders: 1 Gate Expand, Blink Stalkers 

Get SALT Encoding   

  12  0:00  Probe  
  13  0:13  Probe  
  14  0:17  Pylon  
  14  0:23  Probe  
  15  0:31  Probe  
  15  0:37  Gateway  
  15  0:40  Probe  
  16  0:46  Assimilator  
  17  0:51  Probe  
  18  1:03  Probe  
  19  1:15  Probe  
  20  1:23  Nexus  
  20  1:36  Probe  
  20  1:37  Cybernetics Core  
  21  1:41  Assimilator  
  21  1:48  Probe  
  21  1:51  Pylon  
  22  2:00  Probe  
  23  2:04  Adept  
  23  2:13  Probe, Warp Gate  
  26  2:18  Twilight Council  
  26  2:24  Probe  
  27  2:30  Stalker  
  27  2:32  Probe  
  27  2:33  Probe  
  27  2:35  Blink  
  31  2:40  Probe  
  31  2:41  Probe  
  32  2:50  Probe  
  33  2:51  Probe  
  35  3:02  Probe  
  35  3:03  Probe  
  37  3:06  Stalker  
  39  3:14  Probe  
  39  3:15  Probe  
  41  3:24  Gateway  
  41  3:25  Gateway  
  41  3:27  Probe x2  
  41  3:33  Pylon  
  43  3:40  Robotics Facility  
  43  3:42  Probe  
  43  3:43  Probe  
  45  3:50  Assimilator  
  45  3:54  Probe  
  45  3:55  Probe, Assimilator  
  47  4:02  Pylon  
  46  4:06  Probe  
  46  4:07  Probe  
  48  4:18  Probe  
  48  4:19  Probe  
  48  4:20  Stalker x3  
  48  4:22  Observer  
  56  4:30  Robotics Bay  
  56  4:31  Probe  
  58  4:32  Probe  
  58  4:34  Pylon  
  59  4:40  Warp Prism  
  61  4:53  Nexus  
  61  4:55  Pylon  
  61  5:01  Probe x2  
  63  5:07  Disruptor  
  63  5:09  Gravitic Drive  
  64  5:14  Probe x2  
  68  5:22  Forge  
  68  5:25  Pylon  
  68  5:26  Probe x2  
  70  5:31  Stalker x2  
  70  5:33  Disruptor  
  70  5:34  Stalker  
  76  5:40  Probe  
  76  5:41  Probe  
  78  5:43  Protoss Ground Weapons Level 1  
  81  5:50  Shield Battery  
  81  5:51  Shield Battery  
  81  5:53  Pylon  
  81  5:54  Probe x2  
  83  6:03  Pylon  
  83  6:07  Probe x2  
  83  6:08  Probe  
  83  6:09  Disruptor  
  89  6:19  Probe  
  89  6:20  Probe x2  
  92  6:28  Assimilator  
  92  6:29  Assimilator  
  92  6:30  Shield Battery  
  92  6:32  Probe x3, Pylon  
  95  6:36  Photon Cannon  
  95  6:37  Stalker  
  95  6:38  Stalker  
  99  6:40  Stalker  
  99  6:41  Colossus  
  99  6:44  Extended Thermal Lance  
  107  7:03  Probe x3  
  107  7:04  Stalker x3  
  114  7:10  Gateway x2  
  114  7:31  Gateway  
  114  7:32  Gateway  
  114  7:35  Pylon  
  114  7:40  Stalker  
  114  7:43  Pylon  
  111  7:45  Pylon  
  111  7:46  Pylon  
  111  7:48  Pylon  
  111  7:50  Colossus, Pylon  
  111  8:00  Pylon  
  111  8:01  Pylon  
  109  8:08  Stalker x4  
  93  8:27  Stalker  
  93  8:28  Stalker x2  
  87  8:39  Stalker x2  
  88  9:01  Stalker  
  88  9:02  Stalker x3  
  55  9:27  Stalker x5  

Tags
 
Add a new tag
Caveats
  • Supply blocks, unpowered buildings, or Contaminate may cause inaccurate times.
  • Supply counts are checked every 10 seconds.